Map: Orbital Shipyard

Players

xKawaiian - Winner!

  • Race: Terran Terran
  • League: Master

lllllllll

  • Race: Terran Terran
  • League: Grandmaster

VOD

Have the link to the VOD?

Description

Time

  • Played on: Jan. 8, 2016, 9:44 p.m.
  • Length: 5:30
Show
View Real Time Build Order
Export as new Build Order

xKawaiian Terran - Winner!

Build Orders: 1/1/1, Cyclone Opening 

Get SALT Encoding   

  12  0:00  SCV  
  13  0:13  SCV  
  14  0:17  Supply Depot  
  14  0:25  SCV  
  15  0:39  SCV  
  15  0:40  Barracks  
  16  0:48  Refinery  
  16  0:51  SCV  
  16  0:53  Refinery  
  17  1:03  SCV  
  18  1:15  SCV  
  19  1:26  Marine  
  19  1:28  Orbital Command  
  20  1:34  Factory  
  20  1:42  Supply Depot  
  20  1:47  Marine  
  20  1:53  SCV  
  22  2:06  SCV  
  22  2:07  Marine  
  24  2:18  SCV  
  24  2:19  Factory Tech Lab, Starport  
  25  2:24  Marine  
  25  2:27  Supply Depot  
  26  2:30  SCV  
  27  2:40  Cyclone  
  27  2:42  Marine  
  31  2:49  SCV  
  32  2:59  Medivac  
  32  3:01  SCV  
  32  3:02  Supply Depot, Marine  
  36  3:12  Siege Tank  
  39  3:19  Liberator  
  39  3:20  Supply Depot  
  39  3:23  Marine  
  39  3:24  SCV  
  41  3:36  SCV  
  45  3:41  Marine  
  46  3:56  Command Center  
  46  4:03  Marine  
  46  4:04  Siege Tank  
  46  4:08  Supply Depot  
  47  4:22  SCV  
  47  4:24  Marine  
  47  4:25  Supply Depot  
  48  4:34  Barracks  
  48  4:42  Siege Tank, Marine  
  52  5:00  Marine  
  52  5:03  Barracks  
Show
View Real Time Build Order
Export as new Build Order

lllllllll Terran 

Build Orders: 1/1/1 

Get SALT Encoding   

  12  0:01  SCV  
  13  0:13  SCV  
  14  0:17  Supply Depot  
  14  0:25  SCV  
  15  0:29  Refinery  
  15  0:39  SCV  
  16  0:50  Barracks  
  16  0:51  SCV  
  17  1:03  SCV  
  18  1:08  Refinery  
  18  1:15  SCV  
  19  1:27  SCV  
  20  1:40  Marine, Factory, Orbital Command  
  21  1:50  Supply Depot  
  21  1:58  Marine  
  22  2:05  SCV  
  23  2:17  Marine  
  23  2:18  SCV  
  25  2:23  Factory Tech Lab  
  25  2:24  Starport  
  25  2:30  SCV  
  26  2:38  Barracks Reactor  
  26  2:42  SCV  
  27  2:49  Command Center  
  27  2:52  Factory Tech Lab  
  27  2:57  SCV  
  28  3:05  Supply Depot  
  28  3:12  Cyclone  
  31  3:23  Supply Depot  
  31  3:26  SCV, Raven  
  34  3:29  Marine x2  
  36  3:38  SCV  
  37  3:50  Supply Depot  
  37  3:56  SCV  
  37  3:59  Marine  
  37  4:05  Hellion x2  
  37  4:08  SCV  
  42  4:22  SCV, Orbital Command  
  42  4:23  Supply Depot  
  43  4:27  Marine  
  44  4:38  Starport Reactor  
  40  4:39  Siege Tank  
  40  4:48  SCV x2  
  40  4:52  Marine  
  42  5:00  SCV x2  
  44  5:10  Marine  
  44  5:12  SCV  
Tags
 
Add a new tag
Caveats
  • Supply blocks, unpowered buildings, or Contaminate may cause inaccurate times.
  • Supply counts are checked every 10 seconds.